 Dungeon Crawl Stone Soup version 0.18-a0-1-gfac8111 (webtiles) character file.

206 radek the Conjurer (level 5, -2/28 HPs)
             Began as a Deep Elf Conjurer on Oct 30, 2015.
             Was an Initiate of Vehumet.
             Slain by a centaur zombie (5 damage)
             ... on level 5 of the Dungeon.
             The game lasted 00:10:12 (2635 turns).

radek the Conjurer (Deep Elf Conjurer)              Turns: 2635, Time: 00:10:12

Health: -2/28      AC:  4    Str:  6    XL:     5   Next: 53%
Magic:  3/11       EV: 13    Int: 20    God:    Vehumet [......]
Gold:   200        SH:  0    Dex: 15    Spells: 2 memorised, 4 levels left

rFire  x . .     SeeInvis .     o - +2 hand axe (chop)
rCold  + . .     Clarity  .     a - +0 robe
rNeg   . . .     SustAt   .     (no shield)
rPois  .         Gourm    .     y - +0 helmet
rElec  .         Spirit   .     w - +0 cloak
rCorr  .         Warding  .     (no gloves)
rMut   .         Stasis   .     (no boots)
MR     .....                    t - amulet of faith
Stlth  ++........               (no ring)
                                v - ring of ice

@: not resistant to hostile enchantments, unstealthy
A: no striking features
a: Renounce Religion


You were on level 5 of the Dungeon.
You worshipped Vehumet.
Vehumet was noncommittal.
You were hungry.

You visited 1 branch of the dungeon, and saw 5 of its levels.

You collected 200 gold pieces.

Inventory:

Hand Weapons
 e - a +0 dagger
 o - a +2 hand axe of chopping (weapon)
 s - a +0 lajatang
Armour
 a - a +0 robe (worn)
 w - a +0 cloak (worn)
 y - a +0 helmet (worn)
Jewellery
 r - an uncursed amulet of resist corrosion
 t - an amulet of faith (around neck)
 v - a ring of ice (left hand)
Scrolls
 d - a scroll of recharging {unknown}
 h - 5 scrolls of identify {unknown}
 j - 2 scrolls of enchant weapon {unknown}
 l - 2 scrolls of blinking {unknown}
 m - a scroll of fog {unknown}
 p - a scroll of remove curse {unknown}
 x - a scroll of noise {unknown}
Potions
 g - a potion of curing {unknown}
 q - 3 potions of lignification {unknown}
 u - 2 potions of brilliance {unknown}
Books
 b - a book of Conjurations

   Spells                             Type                      Level
   a - Magic Dart                     Conjuration                  1
   b - Searing Ray                    Conjuration                  2
   c - Dazzling Spray                 Conjuration/Hexes            3
   d - Fulminant Prism                Conjuration/Hexes            4
   e - Iskenderun's Mystic Blast      Conjuration                  4
   f - Iskenderun's Battlesphere      Conjuration/Charms           5
Miscellaneous
 i - a plain deck of defence
Comestibles
 c - a bread ration
 f - 4 meat rations
 k - 2 slices of pizza
 n - 7 fruits


   Skills:
 - Level 2.4 Dodging
 - Level 2.4 Stealth
 - Level 3.0 Spellcasting
 - Level 7.1 Conjurations
 + Level 2.8 Charms


You had 4 spell levels left.
You knew the following spells:

 Your Spells              Type           Power        Failure   Level  Hunger
a - Magic Dart            Conj           ####         1%          1    None
b - Iskenderun's Battles  Conj/Chrm      ###.....     58%         5    ######.


Dungeon Overview and Level Annotations

Branches:
Dungeon (5/15)
 Temple: D:4-7

Altars:
Elyvilon
Fedhas
Kikubaaqudgha
Makhleb
Nemelex Xobeh
Vehumet


Message History

Press: ? - help, Shift-Dir - straight line, f/p - centaur zombie
Aim: a centaur zombie The magic dart hits the centaur zombie.
The centaur zombie hits you. The centaur zombie hits you.
Casting: Magic Dart
Confirm with . or Enter, or press ? or * to list all spells.
Aiming: Magic Dart
Press: ? - help, Shift-Dir - straight line, f/p - centaur zombie
Aim: a centaur zombie The magic dart hits the centaur zombie.
The centaur zombie hits you!
* * * LOW HITPOINT WARNING * * *
You hit the centaur zombie. The centaur zombie closely misses you.
The centaur zombie closely misses you.
You hit the centaur zombie. The centaur zombie misses you.
You hit the centaur zombie.
You are feeling hungry.
The centaur zombie hits you.
* * * LOW HITPOINT WARNING * * *
The centaur zombie hits you.
You die...

.# . ###. # #.. ... ...
#... #.# #... #Z# #..#
#@# ##..# #.#
#########...# #.#
##...........#
######.###.....####...#
#..............##.(...#
#.####...#.....##.#.#.#
####.##
#._.##...###.#.#.#
.......##...######
#.#.#.. #....###
#.#.###


You could see a centaur zombie.

Vanquished Creatures
  A crimson imp (D:5)
  A hound (D:4)
  An iguana (D:3)
  2 hound skeletons
  4 adders
  2 oozes (D:2)
  A worm (D:2)
  3 giant geckos
  3 orcs (D:4)
  A giant cockroach (D:1)
  8 hobgoblins
  2 ball pythons (D:1)
  7 bats
  A giant newt (D:1)
  4 goblins
  7 kobolds
  2 quokkas (D:2)
  8 rats
58 creatures vanquished.

Notes
Turn   | Place    | Note
--------------------------------------------------------------
     0 | D:1      | radek the Deep Elf Conjurer began the quest for the Orb.
     0 | D:1      | Reached XP level 1. HP: 10/10 MP: 6/6
   261 | D:1      | Reached XP level 2. HP: 15/15 MP: 5/8
   272 | D:1      | Reached skill level 5 in Conjurations
  1096 | D:2      | Reached XP level 3. HP: 19/19 MP: 1/9
  1562 | D:3      | Reached skill level 6 in Conjurations
  1638 | D:3      | Reached XP level 4. HP: 24/24 MP: 8/10
  1820 | D:3      | Found an ancient bone altar of Kikubaaqudgha.
  2011 | D:3      | Found a blossoming altar of Fedhas.
  2168 | D:4      | Reached skill level 7 in Conjurations
  2168 | D:4      | Reached XP level 5. HP: 28/28 MP: 5/11
  2221 | D:4      | Learned a level 5 spell: Iskenderun's Battlesphere
  2279 | D:4      | Reached skill level 1 in Charms
  2335 | D:5      | Entered Level 5 of the Dungeon
  2478 | D:5      | Found a white marble altar of Elyvilon.
  2478 | D:5      | Found a radiant altar of Vehumet.
  2479 | D:5      | Found a sparkling altar of Nemelex Xobeh.
  2496 | D:5      | Became a worshipper of Vehumet
  2586 | D:5      | Found a burning altar of Makhleb.
  2635 | D:5      | Slain by a centaur zombie

Vault maps used:
D:1:      dpeg_arrival_pits
D:3:      fedhas_altar_4, lemuel_crystal_altar
D:5:      lemuel_round_altar, bloody_makhleb, old_standard_altar,
          lightli_temple_of_fire, grunt_temple_overflow_open, first_bread,
          nemelex_deck

Action                   |  1- 3 |  4- 6 || total
-------------------------+-------+-------++-------
Melee: Hand axe          |       |     3 ||     3
 Cast: Magic Dart        |    76 |    60 ||   136
  Eat: Chunk             |     2 |     1 ||     3
       Beef jerky        |       |     1 ||     1
